[Event "Team 45 45 League T32"]
[Site "Internet Chess Club"]
[Date "2007.02.17"]
[Round "5"]
[White "Plattner"]
[Black "MaunaKeaMike"]
[Result "1/2-1/2"]
[WhiteElo "1847"]
[BlackElo "1763"]
[ECO "E11"]
[TimeControl "2700+45"]

1. d4 Nf6 2. c4 e6 3. Nf3 Bb4+ 4. Bd2 Qe7 5. a3 Bxd2+ 6. Nbxd2 d6 7. e4 e5 8. d5
a5 9. b4 axb4 10. axb4 Rxa1 11. Qxa1 O-O 12. g3 Na6 13. Qc3 Qd7 14. b5 Nc5 15.
Qe3 Ng4 16. Qe2 f5 17. Bg2 fxe4 18. Nxe4 Nxe4 19. Qxe4 Nf6 20. Qh4 Qg4 21. Qxg4
Bxg4 22. Ng5 Ra8 23. O-O h6 24. Ne6 Bxe6 25. dxe6 Re8 26. Bxb7 Rxe6 27. Ra1 Re7
28. Ra7 Kf7 29. f3 h5 30. h4 Ke6 31. Bc8+ Kf7 32. Kf2 e4 33. f4 e3+ 34. Ke1 Ne4
35. g4 hxg4 36. Bxg4 Nd2 37. Be2 Kf6 38. h5 Nb3 39. Ra8 Rf7 40. Bg4 Nd2 41. Re8
Re7 42. Rf8+ Rf7 43. Rxf7+ Kxf7 44. Be2 Ne4 45. Bd3 Ng3 46. Be2 Kf6 47. Bg4 Kf7
48. Kd1 Kf6 49. Kc2 Nxh5 50. Bxh5 Kf5 51. Kd3 Kxf4 52. Ke2 Ke4 53. Bg6+ Kd4 54.
Bf7 g5 55. Bd5 g4 56. Be6 g3 57. Bd5 g2 58. Bxg2 Kxc4 59. Bc6 Kd4 60. Bd7 Ke4
61. Bh3 Kd4 62. Bf1 Ke4 63. Kd1 d5 64. Kc2 d4 65. Bg2+ Kf4 66. Kd3 Kg3 67. Bf1
Kf2 68. Be2 Ke1 69. Bh5 Kf2 70. Kxd4 e2 71. Bxe2 Kxe2 72. Kc5 Kd3 {Game drawn by
mutual agreement} 1/2-1/2

[Event "Team 45 45 League T32"]
[Site "Internet Chess Club"]
[Date "2007.02.17"]
[Round "5"]
[White "ERaulli"]
[Black "shijith"]
[Result "1-0"]
[WhiteElo "1842"]
[BlackElo "1765"]
[ECO "D88"]
[TimeControl "2700+45"]

1. c4 Nf6 2. Nc3 d5 3. cxd5 Nxd5 4. e4 Nxc3 5. bxc3 g6 6. d4 Bg7 7. Bc4 O-O 8.
Ne2 c5 9. Be3 cxd4 10. cxd4 Nc6 11. O-O Bd7 12. Qd2 Qa5 13. Rfd1 Qxd2 14. Rxd2
Na5 15. Bd3 Rac8 16. Rb1 b6 17. Ba6 Nc4 18. Rd3 Nxe3 19. Bxc8 Rxc8 20. Rxe3 Rc2
21. a3 Ba4 22. Rb4 b5 23. f3 a5 24. Rb1 Bh6 25. f4 f6 26. Kf1 g5 27. f5 Bf8 28.
Nc3 Kf7 29. d5 h5 30. Nxa4 bxa4 31. Rb5 Rc1+ 32. Kf2 Rc2+ 33. Re2 Rc3 34. Re3
Rc2+ 35. Kg3 Bh6 36. Rxa5 h4+ 37. Kg4 Rxg2+ 38. Kh5 Bf8 39. Rxa4 Rxh2 40. Rb3
Re2 41. Rc4 Rd2 42. a4 Ra2 43. d6 exd6 44. Rb7+ Kg8 45. Rb8 Re2 46. Rcc8 Rxe4
47. Kg6 {Black resigns} 1-0

[Event "Team 45 45 League T32"]
[Site "Internet Chess Club"]
[Date "2007.02.18"]
[Round "5"]
[White "Beancounter"]
[Black "bishopb7"]
[Result "1-0"]
[WhiteElo "1692"]
[BlackElo "1636"]
[ECO "C03"]
[TimeControl "2700+45"]

1. e4 e6 2. d4 d5 3. Nd2 dxe4 4. Nxe4 Nd7 5. Nf3 Ngf6 6. Nxf6+ Nxf6 7. Bd3 c5 8.
O-O cxd4 9. Nxd4 Be7 10. c3 O-O 11. Qe2 a6 12. Re1 Qc7 13. h3 b5 14. Bg5 Nd5 15.
Bxe7 Qxe7 16. Qe4 g6 17. Qxd5 Bb7 18. Qe5 Rad8 19. Be4 {Black resigns} 1-0

[Event "Team 45 45 League T32"]
[Site "Internet Chess Club"]
[Date "2007.02.25"]
[Round "5"]
[White "manzeer"]
[Black "rabanito"]
[Result "0-1"]
[WhiteElo "1632"]
[BlackElo "1753"]
[ECO "C45"]
[TimeControl "2700+45"]

1. e4 e5 2. Nf3 Nc6 3. d4 exd4 4. Nxd4 Bc5 5. Nxc6 Qf6 6. Qe2 dxc6 7. Nc3 Be6 8.
Bd2 O-O-O 9. f3 Ne7 10. O-O-O Kb8 11. g4 Ng6 12. Bg2 Nf4 13. Qf1 Rd4 14. Bxf4
Qxf4+ 15. Kb1 Rhd8 16. Rxd4 Bxd4 17. Qd3 Bf6 18. Qe2 Rd2 19. Qf1 Bxc3 20. bxc3
Qe3 21. Kb2 Qb6+ 22. Kc1 Rd8 23. c4 Qa5 24. Kb1 Qb4+ 25. Ka1 {White resigns} 0-1

[Event "Team 45 45 League T32"]
[Site "Internet Chess Club"]
[Date "2007.02.18"]
[Round "5"]
[White "jorobo"]
[Black "EagerToLearn"]
[Result "1/2-1/2"]
[WhiteElo "2198"]
[BlackElo "2090"]
[ECO "B09"]
[TimeControl "2700+45"]

1. e4 d6 2. d4 Nf6 3. Nc3 g6 4. f4 Bg7 5. Nf3 c5 6. dxc5 Qa5 7. Bd3 Qxc5 8. Qe2
Bg4 9. Be3 Qa5 10. O-O Nc6 {Game drawn by mutual agreement} 1/2-1/2

[Event "Team 45 45 League T32"]
[Site "Internet Chess Club"]
[Date "2007.02.15"]
[Round "5"]
[White "PrincessChess"]
[Black "luar1609"]
[Result "0-1"]
[WhiteElo "1805"]
[BlackElo "1923"]
[ECO "B23"]
[TimeControl "2700+45"]

1. e4 c5 2. Nc3 d6 3. g3 g6 4. Bg2 Bg7 5. Nge2 Nc6 6. d3 e6 7. Be3 Nd4 8. Qd2
Rb8 9. Nd1 b5 10. c3 Nxe2 11. Qxe2 b4 12. d4 bxc3 13. bxc3 Qa5 14. O-O cxd4 15.
cxd4 Ba6 16. Qf3 Bxf1 17. Kxf1 Ne7 18. Qe2 O-O 19. Nb2 Rfc8 20. Nd3 Qa4 21. Rd1
Rc2 22. Qe1 Bxd4 23. Bxd4 Qxd4 24. a3 Qc3 25. Qe3 Rb3 26. Bh3 Qc4 27. Kg1 Rcc3
28. Bf1 Rxa3 29. Qg5 Qc7 30. Nf4 Nc6 31. Nh3 Ne5 32. Bg2 Rd3 33. Rc1 Rac3 34.
Rf1 a5 35. f4 Nf3+ 36. Bxf3 Rxf3 37. Rxf3 Rxf3 38. Kg2 Rb3 39. f5 exf5 40. exf5
Qc6+ 41. Kf2 Qc2+ {White resigns} 0-1

[Event "Team 45 45 League T32"]
[Site "Internet Chess Club"]
[Date "2007.02.15"]
[Round "5"]
[White "Ultrajet"]
[Black "RingLord"]
[Result "1-0"]
[WhiteElo "1831"]
[BlackElo "1712"]
[ECO "B22"]
[TimeControl "2700+45"]

1. e4 c5 2. c3 Nf6 3. e5 Nd5 4. d4 cxd4 5. cxd4 d6 6. Nf3 Nc6 7. exd6 Qxd6 8.
Nc3 e6 9. Bd3 Be7 10. O-O a6 11. Ne4 Qc7 12. Bd2 O-O 13. Rc1 b6 14. Ne5 Bb7 15.
Qh5 g6 16. Qh6 Bd6 17. Ng5 f6 18. Nxe6 Qe7 19. Nxf8 Nxe5 20. dxe5 Bxe5 21. Nxg6
hxg6 22. Bxg6 Bxb2 23. Rce1 Qg7 24. Qh5 Ne7 25. Be4 Nc6 26. Bd5+ Kf8 27. Bh6
{Black resigns} 1-0

[Event "Team 45 45 League T32"]
[Site "Internet Chess Club"]
[Date "2007.02.18"]
[Round "5"]
[White "Gil-galad"]
[Black "DeepHmm"]
[Result "1/2-1/2"]
[WhiteElo "2121"]
[BlackElo "2245"]
[ECO "E12"]
[TimeControl "2700+45"]

1. d4 Nf6 2. c4 e6 3. Nf3 b6 4. a3 Bb7 5. Nc3 d5 6. cxd5 Nxd5 7. e3 Be7 8. Bb5+
c6 9. Bd3 O-O 10. Qc2 h6 11. O-O Nxc3 12. bxc3 Nd7 13. Bb2 c5 14. e4 Qc7 15. Qe2
Rac8 16. Rac1 c4 17. Bb1 e5 18. d5 b5 19. Rcd1 Nc5 20. Bc1 Na4 21. Qd2 Rcd8 22.
Bc2 Nc5 23. Qe3 Bc8 24. h3 a5 25. Qe2 Rfe8 26. Rfe1 Ba6 27. Nd2 Bd6 28. Nf1 Nb3
29. Bb2 Qe7 30. Ne3 g6 31. a4 Rb8 32. axb5 Bxb5 33. Nxc4 Nc5 34. Ba3 Nb7 35.
Bxd6 Nxd6 36. Bd3 Bxc4 37. Bxc4 Rec8 38. Ba6 Rxc3 39. Qd2 Qc7 40. Qxh6 Rb2 41.
Qh4 Rcc2 42. Rf1 Qb6 43. Bd3 Rd2 44. Rxd2 Rxd2 45. Rb1 Qc7 46. Bf1 Kg7 47. f3
Rc2 48. Qg5 Nc4 49. Bxc4 Rxc4 50. Rd1 Qd6 51. Qd2 a4 52. Qa5 Qc5+ 53. Qxc5 Rxc5
54. d6 Rc8 55. Rd5 Kf6 56. d7 Rd8 57. Ra5 Rxd7 58. Rxa4 Rd2 59. Kh2 Rb2 60. Kg3
g5 61. Ra6+ Kg7 62. Ra1 Rc2 63. Rh1 Kg6 64. h4 gxh4+ 65. Rxh4 Rc1 66. Rh8 Rc2
67. Rg8+ Kf6 68. Ra8 Rb2 69. Ra6+ Kg5 70. Ra5 Kf6 71. Ra6+ {Game drawn by mutual
agreement} 1/2-1/2

[Event "Team 45 45 League T32"]
[Site "Internet Chess Club"]
[Date "2007.02.21"]
[Round "5"]
[White "achessman"]
[Black "Vael"]
[Result "1-0"]
[WhiteElo "2002"]
[BlackElo "1904"]
[ECO "B20"]
[TimeControl "2700+45"]

1. e4 c5 2. b3 e6 3. Bb2 Nf6 4. e5 Nd5 5. Nf3 Nc6 6. g3 Qc7 7. Bg2 g6 8. O-O Bg7
9. Qe2 O-O 10. Re1 d6 11. exd6 Qxd6 12. Bxg7 Kxg7 13. Na3 a6 14. Nc4 Qc7 15. a4
Bd7 16. a5 Ncb4 17. d3 Bb5 18. Ne3 Nxe3 19. fxe3 Nc6 20. c4 Bxc4 21. bxc4 Nxa5
22. Reb1 Nc6 {Black resigns} 1-0

[Event "Team 45 45 League T32"]
[Site "Internet Chess Club"]
[Date "2007.02.18"]
[Round "5"]
[White "favor"]
[Black "Squaredance"]
[Result "0-1"]
[WhiteElo "1895"]
[BlackElo "1993"]
[ECO "A00"]
[TimeControl "2700+45"]

1. Nc3 d5 2. e4 d4 3. Nce2 g6 4. c3 c5 5. b4 dxc3 6. Nxc3 cxb4 7. Qa4+ Nc6 8.
Nd5 Bg7 9. Rb1 Bd7 10. Nxb4 Nd4 11. Qd1 Nf6 12. d3 a5 13. Bb2 axb4 14. Bxd4 Ba4
15. Qd2 Qxd4 16. Rxb4 Qa1+ 17. Ke2 Bc6 18. a4 Rxa4 19. Rxa4 Qxa4 20. g3 O-O 21.
Bg2 Rd8 {White resigns} 0-1

[Event "Team 45 45 League T32"]
[Site "Internet Chess Club"]
[Date "2007.02.16"]
[Round "5"]
[White "tourettes"]
[Black "LoseOften"]
[Result "1-0"]
[WhiteElo "1851"]
[BlackElo "1783"]
[ECO "B23"]
[TimeControl "2700+45"]

1. e4 c5 2. Nc3 d6 3. g3 g6 4. Bg2 Bg7 5. Nge2 Nc6 6. O-O Rb8 7. d3 b5 8. a3 a5
9. f4 e6 10. h3 Nge7 11. g4 Qb6 12. Kh2 f5 13. Ng3 O-O 14. Qf3 Nd4 15. Qd1 Bb7
16. Be3 b4 17. axb4 axb4 18. Na4 Qb5 19. c4 Qd7 20. Rb1 Bc6 21. Ra1 b3 22. Bxd4
Bxd4 23. Nc3 Rb4 24. Qd2 Rfb8 25. Ra5 Qc7 26. Rfa1 Bd7 27. exf5 exf5 28. Ra7 Qc8
29. gxf5 Nxf5 30. Nxf5 Bxf5 31. Nd5 R4b7 32. Ne7+ Rxe7 33. Rxe7 Qd8 34. Raa7 h5
35. Bd5+ Kf8 36. Rf7+ Ke8 37. Qe2+ {Black resigns} 1-0